 Dungeon Crawl Stone Soup version 0.17.0-23-g0de4337 (console) character file.

114 jw the Chopper (level 4, -3/33 HPs)
             Began as an Octopode Berserker on Nov 13, 2015.
             Was a Believer of Trog.
             Slain by gw's ghost (4 damage)
             ... on level 3 of the Dungeon.
             The game lasted 00:05:34 (2581 turns).

jw the Chopper (Octopode Berserker)                 Turns: 2581, Time: 00:05:34

Health: -3/33      AC:  1    Str: 16    XL:     4   Next: 97%
Magic:  4/4        EV: 13    Int:  9    God:    Trog [**....]
Gold:   73         SH:  0    Dex: 12    Spells: 0 memorised, 3 levels left

rFire  . . .     SeeInvis .     a - +0 hand axe
rCold  . . .     Clarity  .     (no shield)
rNeg   . . .     SustAt   .     (helmet restricted)
rPois  .         Gourm    .     (no amulet)
rElec  .         Spirit   .     (no ring)
rCorr  .         Warding  .     (no ring)
rMut   .         Stasis   .     (no ring)
MR     .....                    (no ring)
Stlth  ++........               (no ring)
                                (no ring)
                                (no ring)
                                (no ring)

@: not resistant to hostile enchantments, unstealthy
A: almost no armour, amphibious, 8 rings, constrict 8, camouflage 1, gelatinous
body 1
a: Berserk, Trog's Hand, Burn Spellbooks, Renounce Religion


You were on level 3 of the Dungeon.
You worshipped Trog.
Trog was pleased with you.
You were not hungry.

You visited 1 branch of the dungeon, and saw 3 of its levels.

You collected 73 gold pieces.

Inventory:

Hand Weapons
 a - a +0 hand axe (weapon)
Missiles
 h - 6 stones (quivered)
Scrolls
 c - a scroll of fear
 d - a scroll of fog
 k - 2 scrolls of identify
Comestibles
 b - 4 bread rations
 f - a chunk of flesh


   Skills:
 + Level 4.0 Fighting
 * Level 4.2 Axes
 + Level 1.8 Throwing
 - Level 3.0 Dodging


You had 3 spell levels left.
You didn't know any spells.

Dungeon Overview and Level Annotations

Branches:
Dungeon (3/15)

Altars:
Sif Muna
Xom

Annotations:
D:3 gw's ghost, amateur DgMo


Innate Abilities, Weirdness & Mutations

You cannot wear most types of armour.
You are amphibious.
You can wear up to eight rings at the same time.
You can use your tentacles to constrict eight enemies at once.
Your skin changes colour to match your surroundings (Stealth).
Your rubbery body absorbs attacks (AC +1).


Message History

MOVING TO (-3,0)
You hit the rat.
You kill the rat!
Trog accepts your kill.
You can now call upon Trog for regeneration and protection from hostile enchantments.
You hit gw's ghost.
Gw's ghost is heavily damaged.
Gw's ghost hits you.
MOVING TO (-2,0) MOVING TO (-1,0)
A giant newt comes into view.
MOVING TO (3,0)
You barely miss gw's ghost. You squeeze gw's ghost.
Gw's ghost is heavily damaged.
Gw's ghost hits you.
MOVING TO (2,0)
You closely miss gw's ghost.
Gw's ghost is heavily damaged.
Gw's ghost hits you.
You die...

############
...l...xW..#
.....#####.#
...#%#####<####
. #...(.%(...#
###........#
..(..###.#..#
(.#### #.#..#
#.#.... #.#
.###


You could see gw's ghost and a giant newt.

Table legend:
 A = Turns spent in this place as a percentage of turns spent in the entire game.
 B = Non-inter-level travel turns spent in this place as a percentage of non-inter-level travel turns spent in the entire game.
 C = Inter-level travel turns spent in this place as a percentage of turns spent in this place.
 D = Turns resting spent in this place as a percentage of non-inter-level travel turns spent in this place.
 E = Turns spent auto-exploring this place as a percentage of non-inter-level travel turns spent in this place.
 F = Non-inter-level travel turns spent in this place divided by the number of levels of this place that you've seen.
                   A       B       C       D       E      F
               +-------+-------+-------+-------+-------+----------------------
         Total | 100.0 | 100.0 |   0.6 |   1.7 |   2.8 | 911.3
       Dungeon | 100.0 | 100.0 |   0.6 |   1.7 |   2.8 | 911.3
               +-------+-------+-------+-------+-------+----------------------

Table legend:
 A = Kills in this place as a percentage of kills in entire the game.
 B = Kills by you in this place as a percentage of kills by you in the entire game.
 C = Kills by friends in this place as a percentage of kills by friends in the entire game.
 D = Other kills in this place as a percentage of other kills in the entire game.
 E = Experience gained in this place as a percentage of experience gained in the entire game.
 F = Experience gained in this place divided by the number of levels of this place that you have seen.
                   A       B       C       D       E      F
               +-------+-------+-------+-------+-------+----------------------
         Total | 100.0 | 100.0 |  -nan |  -nan | 100.0 |  54.3
       Dungeon | 100.0 | 100.0 |  -nan |  -nan | 100.0 |  54.3
               +-------+-------+-------+-------+-------+----------------------

Vanquished Creatures
  An iguana (D:3)
  4 adders (D:2)
  2 oozes (D:1)
  2 worms (D:2)
  2 giant geckos (D:1)
  3 bats
  3 giant cockroaches
  7 hobgoblins
  5 kobolds
  A ball python (D:1)
  A giant newt (D:1)
  2 goblins
  2 rats
35 creatures vanquished.

Notes
Turn   | Place    | Note
--------------------------------------------------------------
     0 | D:1      | jw the Octopode Berserker began the quest for the Orb.
     0 | D:1      | Reached XP level 1. HP: 16/16 MP: 1/1
   381 | D:1      | Reached XP level 2. HP: 21/21 MP: 2/2
   556 | D:1      | Reached skill level 1 in Throwing
   855 | D:1      | Reached XP level 3. HP: 26/26 MP: 3/3
  1579 | D:2      | Found a faded altar to an unknown god.
  1600 | D:2      | Reached XP level 4. HP: 33/33 MP: 4/4
  1946 | D:2      | Found a deep blue altar of Sif Muna.
  1953 | D:2      | Reached skill level 4 in Axes
  2047 | D:2      | Found a shimmering altar of Xom.
  2563 | D:3      | Noticed gw's ghost (amateur DgMo)
  2577 | D:3      | Reached ** piety under Trog
  2577 | D:3      | HP: 1/33 [gw's ghost (4)]
  2581 | D:3      | Slain by gw's ghost

Action                   |  1- 3 |  4- 6 || total
-------------------------+-------+-------++-------
Melee: Hand axe          |    58 |    31 ||    89
Throw: Stone             |    27 |    33 ||    60
Invok: Berserk           |     1 |     1 ||     2
  Use: Scroll            |     5 |     1 ||     6
       Potion            |     1 |     5 ||     6
 Stab: Sleeping          |     7 |     1 ||     8
  Eat: Chunk             |     3 |     4 ||     7

Vault maps used:
D:1:      elethiomel_arrival_shortcut, serial_bayou_lagoon_a
D:2:      lemuel_doored_altar, xom_teletrap_fun, ecumenical_altar_2
D:3:      st_stairs_14, minmay_misc_feat_plants, corner_web_ring
